 Dungeon Crawl Stone Soup version 0.20-a0-453-g91466d2 (webtiles) character file.

40 Kriby the Magician (level 3, -6/24 HPs)
             Began as a Mummy Fire Elementalist on Jan 8, 2017.
             Mangled by Crazy Yiuf
             ... wielding a +4 quarterstaff of chaos
              (10 damage)
             ... on level 1 of the Dungeon.
             The game lasted 00:02:04 (2055 turns).

Kriby the Magician (Mummy Fire Elementalist)        Turns: 2055, Time: 00:02:04

Health: -6/24      AC:  3    Str: 11    XL:     3   Next: 30%
Magic:  4/7        EV: 12    Int: 15    God:
Gold:   20         SH:  0    Dex: 12    Spells: 7/8 levels left

rFire  x . .     SeeInvis .     i - +0 dagger (elec)
rCold  + . .     Gourm    .     a - +0 robe
rNeg   + + +     Faith    .     (no shield)
rPois  ∞         Spirit   .     (no helmet)
rElec  .         Reflect  .     (no cloak)
rCorr  .         Harm     .     (no gloves)
MR     .....                    h - +0 pair of boots
Stlth  ++........               (no amulet)
                                (no ring)
                                (no ring)

@: very slightly contaminated
A: no food or potions, fire vulnerability, cold resistance 1, negative energy
resistance 3, torment resistance, unbreathing
a: no special abilities


You were on level 1 of the Dungeon.
You were not hungry.

You visited 1 branch of the dungeon, and saw 2 of its levels.

You collected 20 gold pieces.

Inventory:

Hand Weapons
 i - a +0 dagger of electrocution (weapon)
Armour
 a - a +0 robe (worn)
 h - a +0 pair of boots (worn)
Scrolls
 c - 2 scrolls of identify {unknown}
 d - a scroll of immolation {unknown}
 e - 2 scrolls of remove curse {unknown}
 f - a scroll of recharging {unknown}
 g - a scroll of magic mapping {unknown}
 j - a scroll of teleportation {unknown}
 k - a scroll of fear {unknown}
Books
 b - a book of Flames

   Spells                             Type                      Level
   a - Flame Tongue                   Conjuration/Fire             1
   b - Throw Flame                    Conjuration/Fire             2
   c - Conjure Flame                  Conjuration/Fire             3
   d - Inner Flame                    Hexes/Fire                   3
   e - Sticky Flame                   Conjuration/Fire             4
   f - Fireball                       Conjuration/Fire             5


   Skills:
 - Level 1.5 Dodging
 - Level 1.5 Stealth
 + Level 3.1 Spellcasting
 * Level 1.9 Conjurations
 + Level 2.8 Fire Magic


You had 7 spell levels left.
You knew the following spells:

 Your Spells              Type           Power        Failure   Level  Hunger
a - Flame Tongue          Conj/Fire      #....        10%         1    N/A

Dungeon Overview and Level Annotations

Branches:
Dungeon (2/15)

Altars:

Annotations:
D:1 Crazy Yiuf


Innate Abilities, Weirdness & Mutations

You do not eat or drink.
Your flesh is vulnerable to fire.
You are immune to poison.
Your flesh is cold resistant. (rC+)
You are immune to negative energy. (rN+++)
You are immune to unholy pain and torment.
You can survive without breathing.


Message History

Lukewarm flames ripple over your body.
Crazy Yiuf hits you with a quarterstaff of chaos.
* * * LOW HITPOINT WARNING * * *
Casting: Flame Tongue
Confirm with . or Enter, or press ? or * to list all spells.
Aiming: Flame Tongue
Press: ? - help, Shift-Dir - straight line, f/p - Crazy Yiuf
Aim: Crazy Yiuf, wielding a quarterstaff of chaos and wearing a cloak (moderately wounded)
The flame tongue hits Crazy Yiuf.
Crazy Yiuf is severely wounded.
Crazy Yiuf closely misses you.
Casting: Flame Tongue
Confirm with . or Enter, or press ? or * to list all spells.
Aiming: Flame Tongue
Press: ? - help, Shift-Dir - straight line, f/p - Crazy Yiuf
Aim: Crazy Yiuf, wielding a quarterstaff of chaos and wearing a cloak (severely wounded)
The flame tongue hits Crazy Yiuf.
Crazy Yiuf is almost dead.
Crazy Yiuf hits you with a quarterstaff of chaos!
You die...

..............# #.#
#####)###.##..# #.#
####..........# #.#
(......##.##.## #.######
#####<###.##.# #......# #
### #.##.###########.# #
#.###.##.....# #># #
#..##.######.# #.#
######.##.# #@# #.#
##.###.##.# #g# #.#
#...##.##.# #.# #.#
.....#.##.# #.# #.#
#...##.##.######.#######.#
##.###........(..........#
...# ####.######.#########
#.## #).......#
.#.######..#######


You could see Crazy Yiuf.

Vanquished Creatures
  3 bats
  3 giant cockroaches
  5 goblins
  6 hobgoblins
  8 kobolds
  A quokka (D:2)
  4 frilled lizards
  5 rats
35 creatures vanquished.

Notes
Turn   | Place    | Note
-------+----------+-------------------------------------------
     0 | D:1      | Kriby the Mummy Fire Elementalist began the quest for the Orb.
     0 | D:1      | Reached XP level 1. HP: 13/13 MP: 4/4
    25 | D:1      | Reached skill level 1 in Conjurations
   311 | D:1      | Reached XP level 2. HP: 19/19 MP: 3/5
  1024 | D:2      | Found a runed door.
  1084 | D:2      | Reached skill level 3 in Spellcasting
  1232 | D:2      | Reached XP level 3. HP: 24/24 MP: 0/7
  2014 | D:2      | Noticed Crazy Yiuf
  2055 | D:1      | Mangled by Crazy Yiuf

Vault maps used:
D:1:      saegor_arrival_simple_a, minivault_27
D:2:      uniq_crazy_yiuf_cottage

Skill      XL: |  1  2 |
---------------+-------+-----
Conjurations   | 1 |  1.9
Spellcasting   | 3 |  3.1
Dodging        | |  1.5
Stealth        | |  1.5
Fire Magic     | |  2.8

Action                   || total
-------------------------++-------
Melee: Unarmed           ||     4
       Mace              ||     8
       Dagger            ||     1
 Cast: Flame Tongue      ||    55
Armor: Robe              ||     3
Dodge: Dodged            ||    28
